 Dungeon Crawl Stone Soup version 0.29-a0-222-g5b244fca1f (webtiles) character file.

Game seed: 2714646186640339728

371 ReploidZero the Skirmisher (level 6, -2/30 (33) HPs)
             Began as a Vine Stalker Fighter on Feb 27, 2022.
             Slain by a wight
             ... wielding a +5 trident
              (6 damage)
             ... on level 4 of the Dungeon.
             The game lasted 00:04:24 (3418 turns).

ReploidZero the Skirmisher (Vine Stalker Fighter)   Turns: 3418, Time: 00:04:25

HP:   -2/30 (33)    AC: 13    Str: 21    XL:     6   Next: 71%
MP:   0/7           EV:  7    Int:  8    God:
Gold: 235           SH:  5    Dex: 13    Spells: 5/5 levels left

rFire   . . .      SeeInvis .   a - +0 flail
rCold   . . .      Faith    .   c - +0 buckler
rNeg    . . .      Spirit   +   i - +0 chain mail
rPois   .          Reflect  .   (no helmet)
rElec   .          Harm     .   (no cloak)
rCorr   .          Rampage  .   o - +0 pair of gloves
Will    .....                   r - +2 pair of boots {Stlth+}
Stlth   ..........              (no amulet)
HPRegen 0.90/turn               (no ring)
MPRegen 0.10/turn               (no ring)

@: mighty, drained
A: fangs 2, regeneration 1, magic shield, antimagic bite, no potion heal 2
a: no special abilities


You were on level 4 of the Dungeon.
You visited 1 branch of the dungeon, and saw 4 of its levels.

You collected 235 gold pieces.

Inventory:

Hand Weapons
 a - a +0 flail (weapon)
Armour
 c - a +0 buckler (worn)
 i - a +0 chain mail (worn)
 o - a +0 pair of gloves (worn)
 r - a +2 pair of boots of stealth (worn)
Wands
 v - a wand of iceblast (12)
Scrolls
 e - 2 scrolls of enchant weapon {unknown}
 f - 2 scrolls of magic mapping {unknown}
 g - 2 scrolls of enchant armour {unknown}
 h - 3 scrolls of identify {unknown}
 l - a scroll of summoning {unknown}
 n - a scroll of silence {unknown}
 p - 2 scrolls of vulnerability {unknown}
 s - a scroll of teleportation {unknown}
 t - a scroll of immolation
Potions
 b - 2 potions of heal wounds
 j - a potion of flight {unknown}
 k - a potion of lignification {unknown}
 m - a potion of haste {unknown}
 q - a potion of magic {unknown}
 u - a potion of brilliance {unknown}


   Skills:
 + Level 4.0 Fighting
 + Level 3.4 Maces & Flails
 + Level 3.6 Armour
 + Level 4.0 Shields


You had 5 spell levels left.
You didn't know any spells.
Your spell library contained the following spells:

 Spells                   Type           Power      Damage    Failure   Level
 Gell's Gravitas          Tloc           0%         N/A       100%        3
 Lesser Beckoning         Tloc           0%         N/A       100%        3
 Teleport Other           Tloc           0%         N/A       100%        3


Dungeon Overview and Level Annotations

Branches:
Dungeon (4/15)
 Temple: D:4-7

Altars:
Nemelex Xobeh

Shops:
D:1 [![


Innate Abilities, Weirdness & Mutations

You have extremely sharp teeth.
Your natural rate of healing is unusually fast.
When hurt, damage is shared between your health and your magic reserves.
Your bite disrupts and absorbs the magic of your enemies.
Potions cannot restore your health.


Message History

The wight hits you but does no damage.
The wight hits you from afar with a +5 trident.
The wight hits you from afar with a +5 trident!
* * * LOW HITPOINT WARNING * * *
You feel drained.
Found 6 gold pieces.
You block the wight's attack.
An endoplasm comes into view.
You feel very mighty all of a sudden.
The wight hits you with a +0 long sword!
You hit the wight.
The wight is lightly damaged.
The wight hits you from afar with a +5 trident.
You feel drained. The wight hits you but does no damage.
You barely miss the wight. You bite the wight!
You destroy the wight!
The wight barely misses you. x2
Your Fighting skill increases to level 4!
You closely miss the wight. Your bite misses the wight.
The wight is severely damaged.
The wight barely misses you. You block the wight's attack.
You closely miss the wight.
The wight is severely damaged.
The wight hits you from afar with a +5 trident!
The wight hits you with a +0 battleaxe.
* * * LOW HITPOINT WARNING * * *
You feel drained.
* * * LOW HITPOINT WARNING * * *
Unknown command.
You sock the wight!
You destroy the wight!
The wight hits you from afar with a +5 trident.
* * * LOW HITPOINT WARNING * * *
You feel drained.
* * * LOW HITPOINT WARNING * * *
The wight hits you but does no damage.
Your Shields skill increases to level 4!
You hit the endoplasm. You bite the endoplasm.
You kill the endoplasm!
The wight hits you from afar with a +5 trident!
You die...

#................
................
#.............. .
#.............. ..#
#............. ....
##............. .....
##..............
#.....###z..............
#.....@)...............
#......####.............
....... ###$..........
...#... #........... ..
#### #..##........ .
#.####....... ##
##...... ###.... #.###


You could see a wight.

Vanquished Creatures
  Sigmund (D:2)
  2 wights (D:4)
  A gnoll (D:2)
  4 adders
  3 dart slugs
  7 orcs (D:3)
  4 ball pythons
  5 bats
  8 endoplasms
  3 giant cockroaches
  9 goblins
  6 hobgoblins
  2 jackals (D:1)
  3 quokkas
  3 frilled lizards
  6 kobolds
  4 rats
71 creatures vanquished.

Notes
Turn   | Place    | Note
-------+----------+-------------------------------------------
     0 | D:1      | ReploidZero the Vine Stalker Fighter began the quest for
                  | the Orb.
     0 | D:1      | Reached XP level 1. HP: 11/11 MP: 2/2
   272 | D:1      | Reached XP level 2. HP: 16/16 MP: 3/3
   661 | D:1      | Found Xiucodit's Armour Emporium.
   944 | D:1      | Found Ykhog's Armour Boutique.
  1035 | D:1      | Reached XP level 3. HP: 20/20 MP: 4/4
  1232 | D:1      | Found Horoas's Distillery.
  1449 | D:2      | Noticed Sigmund
  1463 | D:2      | Killed Sigmund
  1464 | D:2      | Gained mutation: Your natural rate of healing is unusually
                  | fast. [Vine Stalker growth]
  1464 | D:2      | Reached XP level 4. HP: 6/25 MP: 5/5
  1464 | D:2      | Reached XP level 5. HP: 7/28 MP: 6/6
  1705 | D:2      | Found a sparkling altar of Nemelex Xobeh.
  1920 | D:2      | Reached XP level 6. HP: 33/33 MP: 7/7
  3053 | D:3      | Found a faded altar of an unknown god.
  3418 | D:4      | Slain by a wight

Illustrated notes

Levels and vault maps discovered:
D:1:      minmay_arrival_hallway, layout_loops_ring, serial_shops, shop,
          nicolae_square_shop, shop, eino_curves_04
D:2:      layout_loops_corners, basic_altar, minmay_heptomino_w4, uniq_sigmund
D:3:      layout_basic, hellmonk_ecumenical_altar_blasted,
          hangedman_glass_teeth, kennysheep_generic_room_11
D:4:      layout_layer_cave, minmay_temple_entry_proselytizer

Skill      XL: |  1  2  3  4  5  6 |
---------------+-------------------+-----
Maces & Flails | 2 3 |  3.4
Shields        | 3 4 |  4.0
Fighting       | 3 4 |  4.0
Armour         | 3 |  3.6

Action                   |  1- 3 |  4- 6 || total
-------------------------+-------+-------++-------
Melee: Flail             |    67 |   120 ||   187
       Bite              |    15 |    26 ||    41
  Use: Potion            |     1 |     3 ||     4
Armor: Scale mail        |     6 |       ||     6
       Chain mail        |    12 |    73 ||    85
Dodge: Dodged            |    28 |    41 ||    69
Block: Buckler           |    15 |    39 ||    54

Table legend: (Time is in decaauts)
 A = Elapsed time spent in this place.
 B = Non-inter-level travel time spent in this place.
 C = Inter-level travel time spent in this place.
 D = Time resting spent in this place.
 E = Time spent auto-exploring this place.
 F = Levels seen in this place.
 G = Mean time per level.
                   A        B        C        D        E       F      G
               +--------+--------+--------+--------+--------+-----+--------+
         Total |   3483 |   3364 |    119 |      0 |   2790 |   4 |  870.8 |
       Dungeon |   3483 |   3364 |    119 |      0 |   2790 |   4 |  870.8 |
               +--------+--------+--------+--------+--------+-----+--------+

Top non-repeatable levels by time:
     D:1: 1339 daAuts
     D:2: 966 daAuts
     D:3: 938 daAuts
     D:4: 239 daAuts
